 Dungeon Crawl Stone Soup version 0.20-a0-555-gf6ae02d (webtiles) character file.

284238 Eptagon the Warrior (level 21, -3/179 HPs)
             Began as a Formicid Fighter on Feb 6, 2017.
             Was the Champion of Okawaru.
             Killed from afar by a deep elf annihilator (23 damage)
             ... with a crystal spear
             ... on level 3 of the Elven Halls.
             The game lasted 01:39:42 (43830 turns).

Eptagon the Warrior (Formicid Fighter)             Turns: 43830, Time: 01:39:42

Health: -3/179     AC: 37    Str: 27    XL:     21   Next: 45%
Magic:  7/9        EV: 18    Int: 17    God:    Okawaru [******]
Gold:   3622       SH: 25    Dex: 20    Spells: 13/20 levels left

rFire    . . .     SeeInvis +   a - +8 Wrath of Trog {antimagic, *Rage}
rCold    + + .     Gourm    +   K - +6 plate armour "Nujac" {rC+}
rNeg     + . .     Faith    .   I - +1 large shield {rC+}
rPois    +         Spirit   .   (helmet unavailable)
rElec    +         Reflect  .   Z - +1 cloak of Xeod {Dex+7}
rCorr    +         Harm     .   d - +0 pair of gloves of Mumblety Peg {-Tele rN+ rCorr Dex+3}
MR       ++++.                  n - +0 pair of boots
Stlth    ..........             Q - amulet of the gourmand
Regen    0.4/turn               F - +6 ring of protection
                                g - ring "Pidghaar" {*Corrode rElec rPois MR+ Int+3}

@: lethally poisoned (-3 -> -5), heroism
A: permanent stasis, dig shafts and tunnels, four strong arms, antennae 3,
clever 1, magic resistance 1
}: 2/15 runes: barnacled, gossamer
a: Dig, Shaft Self, Heroism, Finesse, Renounce Religion


You were on level 3 of the Elven Halls.
You worshipped Okawaru.
Okawaru was exalted by your worship.
You were completely stuffed.

You visited 7 branches of the dungeon, and saw 35 of its levels.
You also visited: Labyrinth.

You collected 4311 gold pieces.
You spent 689 gold pieces at shops.

Inventory:

Hand Weapons
 a - the +8 Wrath of Trog (weapon) {antimagic, *Rage}
   (Okawaru gifted it to you on level 1 of the Spider Nest)

   It reduces the magical energy of the wielder, and disrupts the spells and
   magical abilities of those hit.
   Natural abilities and divine invocations are not affected.
   It may make you go berserk in combat.
 b - the +8 arbalest "Icvil" {velocity, rC++ Str+2}
   (You found it on level 9 of the Dungeon)

   Any bolt fired from it inflicts extra damage.
   It affects your strength (+2).
   It greatly protects you from cold.
 j - a +3 battleaxe of flaming
 V - the +8 arbalest "Gexiam" {flame, rElec rN+}
   (Okawaru gifted it to you on level 2 of the Shoals)

   It causes projectiles fired from it to burn those they strike, causing extra
   injury to most foes and up to half again as much damage against particularly
   susceptible opponents.
   It insulates you from electricity.
   It protects you from negative energy.
Missiles
 H - 403 bolts
Armour
 d - the +0 pair of gloves of Mumblety Peg (worn) {-Tele rN+ rCorr Dex+3}
   (You bought it in a shop on level 2 of the Orcish Mines)

   It affects your dexterity (+3).
   It protects you from negative energy.
   It prevents most forms of teleportation.
   It protects you from acid and corrosion.
 n - a +0 pair of boots (worn)
 I - a +1 large shield of cold resistance (worn)
 K - the +6 plate armour "Nujac" (worn) {rC+}
   (You acquired it on level 1 of the Shoals)

   It protects you from cold.
 Z - the +1 cloak of Xeod (worn) {Dex+7}
   (You found it on level 1 of the Elven Halls)

   It affects your dexterity (+7).
Jewellery
 g - the ring "Pidghaar" (left hand) {*Corrode rElec rPois MR+ Int+3}
   (You found it on level 15 of the Dungeon)

   [ring of protection from magic]

   It affects your intelligence (+3).
   It insulates you from electricity.
   It protects you from poison.
   It affects your resistance to hostile enchantments.
   It may corrode you when you take damage.
 o - the ring of Zyusel {MR+ Stlth-, unknown}
   (You took it off a deep elf high priest on level 3 of the Elven Halls)

   [ring of loudness]

   It affects your resistance to hostile enchantments.
   It makes you less stealthy.
 p - the ring "Maedogytz" {+Inv rC+ rN+ Dex-5 Stlth+}
   (You found it on level 3 of the Spider Nest)

   [ring of stealth]

   It affects your dexterity (-5).
   It protects you from cold.
   It protects you from negative energy.
   It lets you turn invisible.
   It makes you more stealthy.
 F - a +6 ring of protection (right hand)
 Q - an amulet of the gourmand (around neck)
Wands
 h - a wand of lightning (9/15)
 m - a wand of scattershot (6/9)
 t - a wand of lightning (6/15)
 y - a wand of lightning (7/15)
 A - a wand of lightning (9/15)
 D - a wand of disintegration (12/24)
 J - a wand of iceblast (13/15)
 M - a wand of acid (12/15)
 R - a wand of disintegration (7/24)
 W - a wand of iceblast (7/15)
 Y - a wand of disintegration (14/24)
Scrolls
 k - 14 scrolls of remove curse
 w - 5 scrolls of recharging
 x - 2 scrolls of enchant armour
 C - 3 scrolls of magic mapping
 E - 8 scrolls of enchant weapon
 G - a scroll of identify
 N - 6 scrolls of fog
 P - a scroll of brand weapon
 T - a scroll of summoning
 X - a scroll of silence
Potions
 e - 13 potions of curing
 i - 3 potions of magic
 l - a potion of cancellation
 r - 7 potions of flight
 s - 2 potions of resistance
 v - 6 potions of ambrosia
 z - 4 potions of brilliance
 B - a potion of heal wounds
 L - 2 potions of might
Miscellaneous
 c - a lightning rod (4/4)
 q - 3 phantom mirrors
 S - a fan of gales
Comestibles
 f - 24 bread rations
 u - 23 fruits
 O - 3 chunks of flesh


   Skills:
 + Level 18.9(23.9) Fighting
 + Level 17.2(22.2) Axes
 + Level 15.4(20.4) Crossbows
 + Level 14.3(19.3) Armour
 + Level 8.5(13.5) Dodging
 - Level 15.0(20.0) Shields
 - Level 10.1 Invocations


You had 13 spell levels left.
You knew the following spells:

 Your Spells              Type           Power        Failure   Level  Hunger
b - Summon Butterflies    Summ           #.......     92%         1    ##.....
g - Passage of Golubria   Tloc           N/A          100%        4    #####..
m - Repel Missiles        Chrm/Air       #.....       98%         2    ###....


Dungeon Overview and Level Annotations

Branches:
Dungeon (15/15)            Temple (1/1) D:5            Lair (6/6) D:11
 Shoals (4/4) Lair:2       Spider (4/4) Lair:4        Slime (0/5) Lair:6
    Orc (2/2) D:11            Elf (3/3) Orc:2        Vaults (0/5) D:14
 Depths (0/5) D:15

Altars:
Ashenzari
Cheibriados
Dithmenos
Elyvilon
Fedhas
Gozag
Hepliaklqana
Kikubaaqudgha
Makhleb
Nemelex Xobeh
Okawaru
Qazlal
Ru
Sif Muna
Trog
Uskayaw
Vehumet
Xom
Yredelemnul
Zin
The Shining One

Shops:
D:13 :   D:14 *   Orc:2 *%[}


Innate Abilities, Weirdness & Mutations

You cannot be hasted, slowed, berserked, paralysed or teleported.
You can dig through walls and to a lower floor.
Your four strong arms can wield two-handed weapons with a shield.
You have a pair of large antennae on your head. (SInv)
Your mind is acute. (Int +2)
You are resistant to hostile enchantments. (MR+)


Message History

You feel sick.
You block the deep elf blademaster's attack. x2
A deep elf archer comes into view.
It is wielding a great mace of holy wrath.
You gain the combat prowess of a mighty hero.
You feel sick.
The deep elf annihilator points at you and mumbles some strange words.
The poison arrow misses you.
The poison arrow misses the deep elf blademaster.
You block the deep elf blademaster's attack.
The deep elf blademaster misses you.
You slice the deep elf annihilator!!
The deep elf annihilator's magic leaks into the air.
The deep elf annihilator is moderately wounded.
You slash the deep elf blademaster!
You block the deep elf blademaster's attack.
The deep elf blademaster hits you with a rapier!
* * * LOW HITPOINT WARNING * * *
The deep elf annihilator casts a spell at you.
The crystal spear hits you!
You die...

##...e.
#......########
##.....##).:...#
#.....##))).#
#....##e(()#
####....##@####
#.%...).#.e.#
#))))....# ##
#.()...⌠.# .#
#..).....# {{
.#### #........#
{ ....
##.....e.# ..#
#.......# ###
.<# ##......##
.......


You could see a deep elf blademaster, a deep elf annihilator and a deep elf
archer.

Vanquished Creatures
  Jorgrun (Shoals:2)
  2 deep elf blademasters
  2 deep elf master archers (Elf:3)
  Donald (Spider:2)
  Ilsuiw (Shoals:4)
  Roxanne (Spider:1)
  A frost giant (D:15)
  6 ghost moths
  5 deep elf sorcerers
  4 emperor scorpions
  6 deep elf elementalists (Elf:3)
  4 entropy weavers
  2 deep elf demonologists (Elf:3)
  2 spark wasps (Spider:4)
  5 deep elf annihilators (Elf:3)
  5 dire elephants (Lair:6)
  A merfolk javelineer (Shoals:4)
  An ettin (Orc:2)
  A minotaur (Lab)
  3 deep elf high priests (Elf:3)
  6 deep elf death magi (Elf:3)
  11 merfolk impalers
  7 hydras
  Fannar (Lair:3)
  Harold (Lair:4)
  The ghost of Lahna the Fighter, a novice NaFi of Cheibriados (Lair:1)
  2 alligator snapping turtles
  7 merfolk avatars
  4 merfolk aquamancers (Shoals:4)
  An ogre mage (D:15)
  3 centaur warriors
  An anaconda (Lair:6)
  A catoblepas (Lair:3)
  10 two-headed ogres
  24 dancing weapons
  6 satyrs
  3 tengu warriors
  12 death yaks
  A queen ant (Spider:2)
  3 orc high priests (Orc:2)
  Urug (D:11)
  13 deep elf knights
  A small abomination (Elf:3)
  3 unseen horrors
  11 deep elf archers
  8 sea snakes
  6 orc knights
  A necromancer (Lair:2)
  A wolf spider zombie (D:14)
  12 harpies
  53 deep elf magi
  25 orb spiders
  23 fauns
  30 wolf spiders
  17 manticores
  4 orc sorcerers (Orc:2)
  5 oklob plants
  10 ugly things
  A moth of wrath (shapeshifter) (D:14)
  A moth of wrath (D:6)
  5 cyclopes
  3 black mambas
  Maurice (D:8)
  Joseph (D:8)
  14 merfolk sirens
  12 elephants
  Psyche (D:8)
  4 torpor snails
  5 spiny frogs
  5 water nymphs
  3 centaur skeletons
  4 gargoyles
  A yaktaur (D:15)
  A kobold demonologist (D:13)
  An efreet (D:14)
  3 rime drakes
  7 komodo dragons
  16 demonic crawlers
  2 wind drakes (Shoals:4)
  19 jumping spiders
  3 meliai (Lair:5)
  A tengu conjurer (D:15)
  A queen bee (Lair:5)
  7 trolls
  34 merfolk
  A troll (shapeshifter) (D:14)
  A hornet (shapeshifter) (D:15)
  Grinder (D:3)
  2 polar bears (Lair:6)
  8 hornets
  12 snapping turtles
  6 slime creatures
  16 blink frogs
  15 dream sheep (Lair:6)
  12 hippogriffs
  3 air elementals (Elf:2)
  17 tarantellas
  54 redbacks
  A shadow (D:14)
  Sigmund (D:3)
  10 water elementals
  A wyvern (D:15)
  A wraith (D:12)
  2 basilisks
  57 yaks
  2 fire elementals
  3 vampire mosquitoes (D:15)
  3 hungry ghosts
  Edmund (D:5)
  4 soldier ants
  An acid dragon (D:14)
  7 water moccasins
  7 porcupines
  7 ice beasts
  34 orc warriors
  2 hornet zombies
  5 sky beasts
  2 black bears
  An eye of draining (shapeshifter) (D:15)
  11 ogres
  2 phantoms
  15 wolves (Lair:3)
  13 centaurs
  An ogre (shapeshifter) (D:14)
  10 crocodiles
  2 big kobolds
  16 bullfrogs
  2 earth elementals
  A gnoll sergeant (D:12)
  A wyvern skeleton (D:6)
  12 scorpions
  A water moccasin skeleton (D:7)
  30 killer bees
  The ghost of Lahna the Ruffian, a weakling DrTm (D:3)
  18 wights
  An electric eel (D:9)
  6 crimson imps
  4 jellies
  2 bullfrog zombies
  2 centaur zombies
  10 hounds
  A gnoll shaman (D:8)
  A quasit (D:8)
  A bullfrog skeleton (D:4)
  24 orc priests
  28 orc wizards
  4 iguanas
  15 worker ants
  9 hell rats (Lair:2)
  A wolf simulacrum (Lair:2)
  7 yak simulacra (Lair:2)
  A polar bear simulacrum (Lair:2)
  Robin (D:3)
  21 adders
  14 gnolls
  14 river rats (Lair:2)
  2 shadow imps
  3 oozes
  An adder skeleton (D:7)
  2 adder zombies
  8 worms
  A dart slug (D:2)
  8 leopard geckos
  85 orcs
  4 giant cockroaches
  14 goblins
  10 hobgoblins
  12 jackals
  9 quokkas
  A ball python (D:3)
  A ball python skeleton (D:4)
  8 bats
  3 frilled lizards
  A giant cockroach zombie (D:5)
  14 kobolds
  A leopard gecko skeleton (D:7)
  14 rats
  2 river rat simulacra (Lair:2)
  2 crawling corpses (Elf:3)
  6 fungi
  87 plants
1441 creatures vanquished.

Vanquished Creatures (collateral kills)
  A death yak (Lair:6)
1 creature vanquished.

Vanquished Creatures (others)
  A merfolk siren (Shoals:4)
  3 jumping spiders
  A hornet (Spider:3)
  A redback (Spider:3)
  A tarantella (Spider:1)
  An earth elemental (Elf:2)
  A bush (Lair:5)
  5 fungi
  56 plants
70 creatures vanquished.

Grand Total: 1512 creatures vanquished

Notes
Turn   | Place    | Note
-------+----------+-------------------------------------------
     0 | D:1      | Eptagon the Formicid Fighter began the quest for the Orb.
     0 | D:1      | Reached XP level 1. HP: 18/18 MP: 1/1
   132 | D:1      | Reached XP level 2. HP: 21/24 MP: 2/2
   941 | D:2      | Reached XP level 3. HP: 29/29 MP: 3/3
  1180 | D:2      | Found a hazy altar of Hepliaklqana.
  1681 | D:2      | Reached XP level 4. HP: 37/37 MP: 4/4
  1781 | D:3      | Noticed Sigmund
  1804 | D:3      | Killed Sigmund
  1804 | D:3      | Reached skill level 4 in Fighting
  1804 | D:3      | Reached XP level 5. HP: 15/43 MP: 5/5
  1804 | D:3      | Reached XP level 6. HP: 17/49 MP: 6/6
  2039 | D:3      | Noticed Lahna's ghost (weakling DrTm)
  2057 | D:3      | Killed Lahna's ghost
  2057 | D:3      | Reached skill level 5 in Shields
  2356 | D:3      | Noticed Robin
  2366 | D:3      | Killed Robin
  2367 | D:3      | Reached skill level 5 in Armour
  2596 | D:3      | Noticed Grinder
  2613 | D:3      | Reached skill level 5 in Fighting
  2640 | D:3      | Killed Grinder
  2640 | D:3      | Reached XP level 7. HP: 21/56 MP: 7/7
  3443 | D:4      | Reached XP level 8. HP: 58/64 MP: 8/8
  3579 | D:4      | Reached skill level 6 in Fighting
  3997 | D:5      | Entered Level 5 of the Dungeon
  4099 | D:5      | Found a staircase to the Ecumenical Temple.
  4112 | Temple   | Entered the Ecumenical Temple
  4293 | Temple   | Became a worshipper of Warmaster Okawaru
  4355 | D:5      | Found a burning altar of Makhleb.
  4436 | D:5      | Noticed Edmund
  4457 | D:5      | Killed Edmund
  4457 | D:5      | Reached skill level 5 in Axes
  4473 | D:5      | Found a basalt altar of Yredelemnul.
  4788 | D:5      | Reached XP level 9. HP: 71/71 MP: 9/9
  4884 | D:5      | Found a glowing silver altar of Zin.
  5155 | D:6      | Reached skill level 7 in Fighting
  5211 | D:6      | Noticed a purple ugly thing
  5231 | D:6      | Killed a purple ugly thing
  5231 | D:6      | Reached * piety under Okawaru
  5701 | D:6      | Noticed a moth of wrath
  5704 | D:6      | Found a bloodstained altar of Trog.
  5755 | D:6      | Killed a moth of wrath
  6162 | D:7      | Noticed a slime creature
  6176 | D:7      | Killed a slime creature
  6176 | D:7      | Reached ** piety under Okawaru
  6176 | D:7      | Reached skill level 8 in Fighting
  6176 | D:7      | Reached XP level 10. HP: 72/80 MP: 10/10
  6206 | D:7      | Noticed a deep elf mage
  6216 | D:7      | Killed a deep elf mage
  7061 | D:7      | Found a stormy altar of Qazlal.
  7189 | D:7      | Found an opulent altar of Gozag.
  7269 | D:7      | Reached *** piety under Okawaru
  7451 | D:8      | Noticed an unseen horror
  7462 | D:8      | Killed an unseen horror
  7462 | D:8      | Reached skill level 9 in Fighting
  7850 | D:8      | Reached skill level 1 in Dodging
  7912 | D:8      | Noticed Psyche
  7935 | D:8      | Killed Psyche
  7935 | D:8      | Reached XP level 11. HP: 69/89 MP: 11/11
  8345 | D:8      | Noticed Maurice
  8354 | D:8      | Killed Maurice
  8410 | D:8      | Reached **** piety under Okawaru
  8598 | D:8      | Noticed Joseph
  8614 | D:8      | Killed Joseph
  8772 | D:9      | Noticed a two-headed ogre
  8786 | D:9      | Killed a two-headed ogre
  8786 | D:9      | Reached skill level 10 in Fighting
  8812 | D:9      | Reached skill level 10 in Armour
  8825 | D:9      | Got an iridescent arbalest
  8826 | D:9      | Identified the +8 arbalest "Icvil" {velocity, rC++ Str+2} (You found it on level 9 of the Dungeon)
  9065 | D:9      | Reached ***** piety under Okawaru
  9501 | D:9      | Reached skill level 1 in Crossbows
  9912 | D:10     | Entered Level 10 of the Dungeon
 10361 | D:10     | Noticed a two-headed ogre
 10371 | D:10     | Killed a two-headed ogre
 10371 | D:10     | Received a gift from Okawaru
 10445 | D:10     | Learned a level 2 spell: Repel Missiles
 10630 | D:10     | Noticed an unseen horror
 10652 | D:10     | Killed an unseen horror
 10875 | D:10     | Reached XP level 12. HP: 95/99 MP: 12/12
 11249 | D:11     | Received a gift from Okawaru
 11274 | D:11     | Noticed Urug
 11297 | D:11     | Killed Urug
 11688 | D:11     | Reached skill level 11 in Fighting
 12251 | D:11     | Found a staircase to the Lair.
 12450 | D:11     | Found a staircase to the Orcish Mines.
 12637 | Lair:1   | Entered Level 1 of the Lair of Beasts
 12762 | Lair:1   | Reached skill level 10 in Axes
 12913 | Lair:1   | Noticed Lahna's ghost (novice NaFi)
 12930 | Lair:1   | Killed Lahna's ghost
 12930 | Lair:1   | Reached skill level 5 in Crossbows
 13146 | Lair:1   | Reached XP level 13. HP: 37/107 MP: 13/13
 13442 | Lair:1   | Received a gift from Okawaru
 13631 | Lair:1   | Noticed a four-headed hydra
 13639 | Lair:1   | Killed a one-headed hydra
 13712 | Lair:1   | Reached skill level 12 in Fighting
 14781 | Lair:2   | Found a staircase to the Shoals.
 14988 | Lair:2   | Reached skill level 1 in Invocations
 15388 | Lair:2   | Reached ****** piety under Okawaru
 15799 | Lair:3   | Received a gift from Okawaru
 15915 | Lair:3   | Noticed a catoblepas
 15938 | Lair:3   | Killed a catoblepas
 16380 | Lair:3   | Noticed Fannar
 16424 | Lair:3   | Killed Fannar
 17008 | Lair:4   | Received a gift from Okawaru
 17085 | Lair:4   | Reached XP level 14. HP: 109/116 MP: 17/17
 17094 | Lair:4   | Reached skill level 13 in Fighting
 17213 | Lair:4   | Noticed Harold
 17231 | Lair:4   | Killed Harold
 17378 | Lair:4   | Reached skill level 5 in Invocations
 17616 | Lair:4   | Found a hole to the Spider Nest.
 18112 | Lair:5   | Received a gift from Okawaru
 18579 | Lair:5   | Received a gift from Okawaru
 20690 | Lair:6   | Entered Level 6 of the Lair of Beasts
 20805 | Lair:6   | Reached skill level 14 in Fighting
 20806 | Lair:6   | Reached XP level 15. HP: 50/126 MP: 19/21
 21080 | Lair:6   | Found a staircase to the Slime Pits.
 21282 | Lair:6   | Received a gift from Okawaru
 22434 | Lair:6   | Reached skill level 10 in Crossbows
 22767 | Lair:6   | Received a gift from Okawaru
 23084 | Lair:6   | Received a gift from Okawaru
 23249 | Orc:1    | Entered Level 1 of the Orcish Mines
 23316 | Orc:1    | Reached skill level 10 in Shields
 23946 | Orc:2    | Entered Level 2 of the Orcish Mines
 24103 | Orc:2    | Found a staircase to the Elven Halls.
 24800 | Orc:2    | Received a gift from Okawaru
 24800 | Orc:2    | Reached skill level 10 in Invocations
 25035 | Orc:2    | Found Emuges's General Store.
 25043 | Orc:2    | Reached XP level 16. HP: 119/134 MP: 23/23
 25222 | Orc:2    | Found Koufoef's Armour Emporium.
 25229 | Orc:2    | Bought a potion of curing for 33 gold pieces
 25229 | Orc:2    | Bought 2 potions of curing for 66 gold pieces
 25231 | Orc:2    | Found Ezeh's Gadget Emporium.
 25233 | Orc:2    | Found Xexaf's Food Shop.
 25323 | Orc:2    | Bought the +0 pair of gloves of Mumblety Peg {-Tele rN+ rCorr Dex+3} for 330 gold pieces
 25934 | D:12     | Reached skill level 15 in Fighting
 25942 | D:12     | Gained mutation: Your mind is acute. (Int +2) [potion of beneficial mutation]
 26285 | D:12     | Received a gift from Okawaru
 26672 | D:13     | Found Azusash's Book Shop.
 26832 | D:14     | Found Jykkov's Assorted Antiques.
 26847 | D:14     | Received a gift from Okawaru
 26917 | D:14     | Found a labyrinth entrance.
 26972 | Lab      | Entered a labyrinth
 27208 | Lab      | Received a gift from Okawaru
 27214 | Lab      | Identified Sif Muna's Second Course in Spellweaving
 27273 | D:14     | Learned a level 4 spell: Passage of Golubria
 27316 | D:14     | Found a gate to the Vaults.
 27397 | D:14     | Found a shadowy altar of Dithmenos.
 27503 | D:14     | Bought a scroll of identify for 52 gold pieces
 27503 | D:14     | Bought a potion of magic for 208 gold pieces
 27701 | D:15     | Entered Level 15 of the Dungeon
 27701 | D:15     | Found a deep blue altar of Sif Muna.
 27786 | D:15     | Got a vibrating steel ring
 27788 | D:15     | Identified the ring "Pidghaar" {*Corrode rElec rPois MR+ Int+3} (You found it on level 15 of the Dungeon)
 28325 | D:15     | Found a staircase to the Depths.
 28325 | D:15     | Noticed a frost giant
 28342 | D:15     | Killed a frost giant
 28708 | D:15     | Reached XP level 17. HP: 100/143 MP: 10/24
 29105 | Spider:1 | Entered Level 1 of the Spider Nest
 29119 | Spider:1 | Received a gift from Okawaru
 29430 | Spider:1 | Noticed Roxanne
 29455 | Spider:1 | Killed Roxanne
 30416 | Spider:2 | Received a gift from Okawaru
 30416 | Spider:2 | Reached skill level 16 in Fighting
 30732 | Spider:2 | Noticed Donald
 30787 | Spider:2 | Killed Donald
 31087 | Spider:2 | Received a gift from Okawaru
 31703 | Spider:3 | Reached skill level 15 in Axes
 31715 | Spider:3 | Received a gift from Okawaru
 32231 | Spider:3 | Got a brightly glowing brass ring
 32249 | Spider:3 | Identified the ring "Maedogytz" {+Inv rC+ rN+ Dex-5 Stlth+} (You found it on level 3 of the Spider Nest)
 32615 | Spider:4 | Entered Level 4 of the Spider Nest
 32641 | Spider:4 | Received a gift from Okawaru
 32653 | Spider:4 | Reached XP level 18. HP: 138/153 MP: 8/25
 33747 | Spider:4 | Received a gift from Okawaru
 33755 | Spider:4 | Got a jewelled broad axe {god gift}
 33756 | Spider:4 | Identified the +3 broad axe "Conservator" {flame, MR+ Int+4} (Okawaru gifted it to you on level 4 of the Spider Nest)
 33869 | Spider:4 | Reached skill level 17 in Fighting
 34055 | Spider:4 | Got a gossamer rune of Zot
 34336 | Shoals:1 | Entered Level 1 of the Shoals
 34751 | Shoals:1 | Identified a scroll of acquirement
 34752 | Shoals:1 | Got a heavily runed plate armour
 34763 | Shoals:1 | Identified the +6 plate armour "Nujac" {rC+} (You acquired it on level 1 of the Shoals)
 35191 | Shoals:2 | Noticed Jorgrun
 35200 | Shoals:2 | Killed Jorgrun
 35496 | Shoals:2 | Received a gift from Okawaru
 35706 | Shoals:2 | Received a gift from Okawaru
 35714 | Shoals:2 | Got a bloodstained arbalest {god gift}
 35715 | Shoals:2 | Identified the +8 arbalest "Gexiam" {flame, rElec rN+} (Okawaru gifted it to you on level 2 of the Shoals)
 35858 | Shoals:2 | Reached XP level 19. HP: 143/161 MP: 8/26
 36720 | Shoals:3 | Reached skill level 15 in Shields
 36920 | Shoals:3 | Received a gift from Okawaru
 37566 | Shoals:4 | Entered Level 4 of the Shoals
 37605 | Shoals:4 | Reached skill level 5 in Dodging
 37899 | Shoals:4 | Received a gift from Okawaru
 38206 | Shoals:4 | Got a barnacled rune of Zot
 39004 | Shoals:4 | Received a gift from Okawaru
 39263 | Shoals:4 | Received a gift from Okawaru
 39264 | Shoals:4 | Got a heavily runed scale mail {god gift}
 39275 | Shoals:4 | Identified the +1 scale mail of Kedwimuet {+Blink Int+5} (Okawaru gifted it to you on level 4 of the Shoals)
 39290 | Shoals:4 | Noticed Ilsuiw
 39306 | Shoals:4 | Reached skill level 18 in Fighting
 39319 | Shoals:4 | Killed Ilsuiw
 39890 | Shoals:2 | Reached XP level 20. HP: 144/170 MP: 9/27
 40104 | Elf:1    | Entered Level 1 of the Elven Halls
 40241 | Elf:1    | Got a transparent granite ring
 40255 | Elf:1    | Identified the ring "Gijant" {Ice SInv} (You found it on level 1 of the Elven Halls)
 40681 | Elf:1    | Learned a level 1 spell: Summon Butterflies
 41006 | Elf:1    | Got a faintly humming cloak
 41017 | Elf:1    | Identified the +1 cloak of Xeod {Dex+7} (You found it on level 1 of the Elven Halls)
 41018 | Elf:1    | Identified the Catalogue of the Entourage
 42022 | Elf:2    | Found a runed gate.
 42022 | Elf:2    | Found a runed gate.
 42023 | Elf:2    | Found a runed gate.
 42075 | Elf:2    | Received a gift from Okawaru
 42164 | Elf:2    | Received a gift from Okawaru
 42599 | Elf:2    | Received a gift from Okawaru
 42934 | Elf:2    | Received a gift from Okawaru
 43013 | Elf:3    | Entered Level 3 of the Elven Halls
 43055 | Elf:3    | Reached skill level 15 in Crossbows
 43162 | Elf:3    | Noticed an Ice Fiend
 43202 | Elf:3    | Reached XP level 21. HP: 55/178 MP: 9/28
 43270 | Elf:3    | Noticed a Brimstone Fiend
 43271 | Elf:3    | Noticed a Tzitzimitl
 43274 | Elf:3    | HP: 3/178 [Brimstone Fiend/damnation[a deep elf demonologist] (39)]
 43282 | Elf:3    | Gained mutation: You are resistant to hostile enchantments. (MR+) [potion of beneficial mutation]
 43747 | Elf:3    | Received a gift from Okawaru
 43766 | Elf:3    | Got a coiled bronze ring
 43830 | Elf:3    | Killed from afar by a deep elf annihilator

Vault maps used:
D:1:      minmay_arrival_three_doors
D:2:      overflow_temple_1_default
D:3:      minivault_19, uniq_grinder, uniq_sigmund, uniq_robin
D:4:      first_bread
D:5:      lemuel_crystal_altar, lemuel_crystal_altar,
          minmay_temple_entry_purple_smoke, basic_altar,
          hangedman_decor_growths, st_stairs_1, uniq_edmund
D:6:      tgw_trog
D:7:      minmay_opposing_rooms, grunt_gozag_breadcrumbs, grunt_qazlal_sundering
D:8:      uniq_maurice, uniq_joseph, uniq_psyche
D:10:     hangedman_pestilent_swarm
D:11:     grunt_lair_entry_orc_guard_hut, david_orc_4, uniq_urug
D:13:     serial_shops, kennysheep_mini_moat
D:14:     david_vaults_2, hangedman_decor_peaks_small, serial_shops,
          nicolae_shop_stone, lab_entry_generic, grunt_dithmenos_shadows
D:15:     grunt_enter_depths_snipers, serial_park_square2, basic_altar
Temple:   bh_familiar_temple
Lair:1:   infiniplex_staircase_pool
Lair:2:   lemuel_ratsnest, elwin_shoals_entry_rocks, eino_house_with_fridge
Lair:3:   beast_lair_carwin_large_4, grunt_megastairs_3, uniq_fannar
Lair:4:   nicolae_spider_entry_orb_guardian, uniq_harold
Lair:5:   minmay_lair_oklob_tunnel, special_room, serial_forest,
          infiniplex_forest_clump_tiny, infiniplex_forest_lined_corner,
          infiniplex_forest_clump_diagonal, infiniplex_forest_end_1,
          infiniplex_forest_lined_ring, infiniplex_forest_clump_long,
          infiniplex_forest_straight_2, grunt_forest_large_clearing_hut
Lair:6:   due_jungle_book, slime_dummy
Shoals:1: nicolae_shoals_dead_sea_scrolls
Shoals:2: uniq_jorgrun
Shoals:4: shoals_end_grunt_garden, shoals_ilsuiw_ice
Spider:1: nicolae_spider_shape, uniq_roxanne
Spider:2: nicolae_spider_ant_collections, nicolae_spider_cling_ruins,
          uniq_donald
Spider:4: grunt_spider_rune_island
Orc:2:    st_orc_elflike
Elf:1:    eino_elf_arrival_shootout, minmay_elf_demonology,
          guppyfry_library_mini
Elf:2:    nrook_loot_triangle, st_stairs_9
Elf:3:    grunt_elf_hall_spiral, serial_shops, shop
Lab:      labyrinth_lava_lair, nicolae_lab_big_swirl, nicolae_lab_garden,
          nicolae_lab_hexagon

Skill      XL: |  1  2  3  4  5  6  7  8  9 10 11 12 13 14 15 16 17 18 19 20 21 |
---------------+----------------------------------------------------------------+-----
Shields        | 4 5 6 7 8 9 10 12 13 14 15 | 15.0
Armour         | 4 5 6 7 9 10 11 12 13 14 | 14.3
Fighting       | 4 5 6 8 9 10 11 12 14 15 16 17 18 | 18.9
Axes           | 3 4 5 6 8 9 10 11 12 13 14 15 16 17 | 17.2
Dodging        | 1 4 6 7 8 |  8.5
Crossbows      | 2 5 7 9 10 11 12 13 14 15 | 15.4
Invocations    | 4 8 10 | 10.1

Action                   |  1- 3 |  4- 6 |  7- 9 | 10-12 | 13-15 | 16-18 | 19-21 || total
-------------------------+-------+-------+-------+-------+-------+-------+-------++-------
Melee: War axe           |   105 |   118 |   286 |       |       |       |       ||   509
       Battleaxe         |       |       |    61 |   709 |  1247 |  1342 |  1112 ||  4471
 Fire: Arbalest          |       |       |       |     3 |     2 |    85 |    57 ||   147
Invok: Heroism           |       |       |       |       |     6 |     1 |     4 ||    11
 Abil: Dig               |       |       |     1 |       |       |     5 |       ||     6
Evoke: Wand              |       |       |     2 |    12 |       |       |       ||    14
       Lightning rod     |       |       |       |       |     4 |       |       ||     4
  Use: Potion            |       |     5 |     1 |     1 |     3 |     5 |    13 ||    28
       Scroll            |       |       |     4 |     5 |    17 |    11 |     3 ||    40
 Stab: Confused          |       |       |     1 |     4 |       |       |       ||     5
       Distracted        |       |       |       |       |       |       |     1 ||     1
  Eat: Chunk             |     2 |     4 |    12 |    26 |    53 |    46 |    27 ||   170
       Fruit             |       |       |       |     2 |     2 |       |       ||     4
       Royal jelly       |       |       |       |     3 |     1 |       |       ||     4
Armor: Scale mail        |    29 |       |       |       |       |       |       ||    29
       Plate armour      |    16 |    89 |   182 |   402 |   586 |   814 |   380 ||  2469
Dodge: Dodged            |    32 |    36 |    80 |   214 |   347 |   445 |   244 ||  1398
Block: Shield            |    81 |    68 |   205 |   473 |   531 |       |       ||  1358
       Large shield      |       |       |       |       |   222 |  1723 |  1159 ||  3104
